 Dungeon Crawl Stone Soup version 0.21-b1-23-g1fb0a74 (webtiles) character file.

32 Amaterasu the Poker (level 3, -1/52 HPs)
             Began as a Gnoll Chaos Knight on Jan 5, 2018.
             Succumbed to a goblin's poison
             ... on level 2 of the Dungeon.
             The game lasted 00:02:00 (836 turns).

Amaterasu the Poker (Gnoll Chaos Knight)             Turns: 836, Time: 00:02:00

Health: -1/52      AC:  8    Str: 19    XL:     3   Next: 25%
Magic:  3/3        EV: 12    Int: 20    God:    Xom [......]
Gold:   73         SH:  0    Dex: 14    Spells: 3/3 levels left

rFire    . . .     SeeInvis .   l - +2 short sword (venom)
rCold    . . .     Gourm    .   (no shield)
rNeg     . . .     Faith    .   b - +2 leather armour
rPois    .         Spirit   .   (no helmet)
rElec    .         Reflect  .   (no cloak)
rCorr    .         Harm     .   e - +0 pair of gloves
MR       .....                  h - +0 pair of boots
Stlth    ..........             (no amulet)
HPRegen  0.17/turn              (no ring)
MPRegen  0.08/turn              (no ring)

@: brilliant, berserking (expiring), lethally poisoned (-1 -> -28), very quick
A: distributed training, fangs 1, strong nose
a: Renounce Religion


You were on level 2 of the Dungeon.
You worshipped Xom.
You were a very special plaything of Xom.
You were not hungry.

You visited 1 branch of the dungeon, and saw 2 of its levels.

You collected 73 gold pieces.

Inventory:

Hand Weapons
 a - a +0 spear of chaos
 l - a +2 short sword of venom (weapon)
Armour
 b - a +2 leather armour (worn)
 e - a +0 pair of gloves (worn)
 h - a +0 pair of boots (worn)
Potions
 f - a potion of agility
Comestibles
 c - 3 rations


   Skills:
 + Level 6.5 Fighting
 + Level 0.6 Short Blades
 + Level 0.6 Long Blades
 + Level 0.6 Axes
 + Level 0.6 Maces & Flails
 + Level 6.5 Polearms
 + Level 0.6 Staves
 + Level 0.6 Slings
 + Level 0.6 Bows
 + Level 0.6 Crossbows
 + Level 0.6 Throwing
 + Level 4.5 Armour
 + Level 2.5 Dodging
 + Level 0.6 Stealth
 + Level 0.6 Shields
 + Level 0.6 Unarmed Combat
 + Level 0.6 Spellcasting
 + Level 0.4 Conjurations
 + Level 0.4 Hexes
 + Level 0.4 Charms
 + Level 0.4 Summonings
 + Level 0.4 Necromancy
 + Level 0.4 Translocations
 + Level 0.4 Transmutations
 + Level 0.4 Fire Magic
 + Level 0.4 Ice Magic
 + Level 0.4 Air Magic
 + Level 0.4 Earth Magic
 + Level 0.4 Poison Magic
 + Level 0.8 Invocations
 + Level 0.6 Evocations


You had 3 spell levels left.
You didn't know any spells.

Dungeon Overview and Level Annotations

Branches:
Dungeon (2/15)

Altars:

Annotations:
D:2 Terence


Innate Abilities, Weirdness & Mutations

Your experience applies equally to all skills.
You have very sharp teeth.
Your uncanny sense of smell can sniff out nearby items.


Message History

A jackal and a giant cockroach come into view.
You feel a strong urge to attack something.
A jackal comes into view.
* * * LOW HITPOINT WARNING * * *
You feel sick.
The jackal barks!
A jackal comes into view.
You are too berserk!
* * * LOW HITPOINT WARNING * * *
You feel sick.
You feel your anger nearly subside.
A hobgoblin comes into view.
* * * LOW HITPOINT WARNING * * *
You feel sick.
The hobgoblin shouts!
The jackal closely misses you.
You hit the jackal.
You kill the jackal!
You die...
Xom giggles madly!

## ... .@$.
##########..#
............#.#
# #.......!#. .
#.###.####.###
.# #.# ∆
###....##.#
##.##
......<.#.#
#.@.#
#........#
#.†h#
#........#
#.s.# #.....§.#
#.h.#
#####....%###
######...#
............# #
# #.§.....h.
........?...#
.. #...........
....##..#....
.#
#.#......g....
. #..##### .#
.....####...#
#.## #..


You could see 3 jackals, a giant cockroach and a hobgoblin.

Vanquished Creatures
  An adder (D:2)
  A leopard gecko (D:1)
  A giant cockroach (D:1)
  2 goblins (D:1)
  5 hobgoblins (D:1)
  3 jackals
  2 kobolds (D:1)
  2 bats (D:1)
  2 frilled lizards (D:1)
19 creatures vanquished.

Notes
Turn   | Place    | Note
-------+----------+-------------------------------------------
     0 | D:1      | Amaterasu the Gnoll Chaos Knight began the quest for the Orb.
     0 | D:1      | Reached XP level 1. HP: 23/23 MP: 1/1
   180 | D:1      | XOM: divination: detect creatures
   183 | D:1      | Reached XP level 2. HP: 28/29 MP: 2/2
   532 | D:1      | XOM: silly message
   640 | D:1      | XOM: mild Tmut miscast
   827 | D:2      | Reached XP level 3. HP: 17/35 MP: 3/3
   831 | D:2      | XOM: 11-stop teleportation journey
   832 | D:2      | Noticed Terence
   834 | D:2      | HP: 2/52 [poisoned by a goblin]
   836 | D:2      | Succumbed to a goblin's poison

Action                   || total
-------------------------++-------
Melee: Spear             ||    55
       Bite              ||     5
       Short sword       ||    10
  Use: Scroll            ||     3
       Potion            ||     3
 Stab: Paralysed         ||     1
       Sleeping          ||     1
Armor: Leather armour    ||    24
Dodge: Dodged            ||    34
